 Dungeon Crawl Stone Soup version 0.26-a0-665-gefeb406119 (webtiles) character file.

Game seed: 10512806265282166936

513 somkeydreadnuts the Sneak (level 7, 0/38 HPs)
             Began as a Kobold Enchanter on Oct 15, 2020.
             Was an Initiate of Okawaru.
             Slain by an ice beast (5 damage)
             ... on level 6 of the Dungeon.
             The game lasted 00:34:51 (5085 turns).

somkeydreadnuts the Sneak (Kobold Enchanter)        Turns: 5085, Time: 00:34:52

Health: 0/38       AC:  4    Str:  5    XL:     7   Next: 43%
Magic:  12/12      EV: 15    Int: 17    God:    Okawaru [......]
Gold:   345        SH:  0    Dex: 17    Spells: 9/12 levels left

rFire    . . .     SeeInvis .   n - +0 rapier
rCold    + . .     Faith    .   (shield restricted)
rNeg     . . .     Spirit   .   I - +0 leather armour
rPois    .         Reflect  .   i - +0 hat
rElec    .         Harm     .   u - scarf {+Inv}
rCorr    .         Rampage  .   l - +0 pair of gloves
MR       .....                  (no boots)
Stlth    ++++......             e - amulet of regeneration
HPRegen  0.52/turn              v - ring of protection from cold
MPRegen  0.13/turn              (no ring)

@: lightly drained
A: small, nightstalker 3
a: Renounce Religion, Evoke Invisibility


You were on level 6 of the Dungeon.
You worshipped Okawaru.
Okawaru was noncommittal.
You visited 2 branches of the dungeon, and saw 7 of its levels.

You collected 345 gold pieces.

Inventory:

Hand Weapons
 a - a +1 dagger
 n - a +0 rapier (weapon)
 y - a +0 spear
 D - a +1 whip of flaming
 G - the +7 whip "Ogrebane" {vorpal, *Drain Str+7}
   (You found it on level 4 of the Dungeon)

   It inflicts extra damage upon your enemies.
   It affects your strength (+7).
   It causes draining when unequipped.
Missiles
 c - 46 arrows
 k - 181 stones (quivered)
 p - 30 sling bullets
 q - 26 poisoned darts
 s - 42 bolts
Armour
 b - a +0 robe
 i - a +0 hat (worn)
 l - a +0 pair of gloves (worn)
 u - a scarf of invisibility (worn)
 C - a scarf of shadows
 E - a +0 kite shield
 I - a +0 leather armour (worn)
Jewellery
 e - an amulet of regeneration (around neck)
 v - a ring of protection from cold (left hand)
Wands
 o - a wand of iceblast (9)
 B - a wand of random effects (16)
Scrolls
 d - 15 scrolls of identify {unknown}
 f - 3 scrolls of remove curse {unknown}
 r - a scroll of magic mapping {unknown}
 w - 4 scrolls of enchant weapon {unknown}
 x - a scroll of fear {unknown}
 A - 3 scrolls of teleportation {unknown}
Potions
 g - a potion of resistance {unknown}
 h - a potion of haste {unknown}
 j - a potion of ambrosia {unknown}
 m - 3 potions of curing
 t - 2 potions of mutation {unknown}
 z - a potion of stabbing {unknown}
 F - a potion of magic {unknown}
 H - 2 potions of lignification {unknown}
 J - a potion of cancellation {unknown}


   Skills:
 + Level 1.5(1.1) Fighting
 + Level 3.7(3.2) Short Blades
 + Level 0.4(0.0) Maces & Flails
 + Level 0.1(0.0) Armour
 + Level 4.0(3.5) Dodging
 + Level 6.8(6.3) Stealth
 + Level 3.4(2.9) Spellcasting
 + Level 4.0(3.5) Hexes
 + Level 1.7(1.2) Ice Magic


You had 9 spell levels left.
You knew the following spells:

 Your Spells              Type           Power        Failure   Level
a - Corona                Hex            ##.....      7%          1
b - Ensorcelled Hibernat  Hex/Ice        ##....       16%         2

Your spell library contained the following spells:

 Spells                   Type           Power        Failure   Level
 Confusing Touch          Hex            ##......     21%         3
 Tukima's Dance           Hex            ##......     21%         3
 Dazzling Flash           Conj/Hex       #.....       38%         3


Dungeon Overview and Level Annotations

Branches:
Dungeon (6/15)             Temple (1/1) D:5

Altars:
Cheibriados
Dithmenos
Fedhas
Gozag
Hepliaklqana
Kikubaaqudgha
Makhleb
Nemelex Xobeh
Okawaru
Qazlal
Ru
Sif Muna
Trog
Uskayaw
Wu Jian
Xom
Yredelemnul
Zin
The Shining One


Innate Abilities, Weirdness & Mutations

You are small and have problems with some larger weapons.
You are completely attuned to the shadows.


Message History

The ice beast hits you. The ice beast freezes you. You resist.
* * * LOW HITPOINT WARNING * * *
You barely miss the ice beast.
The ice beast is lightly wounded.
The ice beast hits you.
* * * LOW HITPOINT WARNING * * *
The ice beast freezes you. You resist.
* * * LOW HITPOINT WARNING * * *
You hit the ice beast but do no damage.
The ice beast is lightly wounded.
The ice beast completely misses you.
You hit the ice beast but do no damage.
The ice beast is lightly wounded.
The ice beast barely misses you.
You barely miss the ice beast.
The ice beast is lightly wounded.
The ice beast hits you.
* * * LOW HITPOINT WARNING * * *
The ice beast freezes you. You resist.
You die...

......##
........##
.........#
........##
.......#####
............
........####
######Y##
#@# #.# #.#
#.# ..#


You could see an ice beast.

Vanquished Creatures
  A scorpion (D:5)
  A jelly (D:5)
  3 orc priests
  2 orc wizards
  A bullfrog skeleton (D:5)
  An iguana (D:5)
  3 worker ants
  3 gnolls (D:4)
  5 adders
  An ufetubus (D:4)
  2 worms (D:2)
  5 leopard geckos
  9 orcs
  A giant cockroach (D:3)
  2 gnoll zombies (D:5)
  7 hobgoblins
  6 jackals (D:2)
  8 kobolds
  A quokka (D:2)
  8 bats
  8 frilled lizards
  5 goblins
  3 rats (D:1)
86 creatures vanquished.

Notes
Turn   | Place    | Note
-------+----------+-------------------------------------------
     0 | D:1      | somkeydreadnuts the Kobold Enchanter began the quest for
                  | the Orb.
     0 | D:1      | Reached XP level 1. HP: 10/10 MP: 3/3
   220 | D:1      | Reached XP level 2. HP: 12/15 MP: 5/5
   443 | D:1      | Learned a level 2 spell: Ensorcelled Hibernation
   534 | D:1      | Reached XP level 3. HP: 19/19 MP: 3/6
  1256 | D:2      | Reached XP level 4. HP: 24/24 MP: 7/7
  1411 | D:2      | Reached skill level 5 in Stealth
  1919 | D:2      | Found a faded altar of an unknown god.
  2199 | D:3      | Reached XP level 5. HP: 28/28 MP: 8/8
  3176 | D:4      | Got a steaming whip
  3177 | D:4      | Identified the +7 whip "Ogrebane" {vorpal, *Drain Str+7}
                  | (You found it on level 4 of the Dungeon)
  3219 | D:4      | Reached skill level 6 in Stealth
  3219 | D:4      | Reached skill level 1 in Ice Magic
  3329 | D:4      | Reached XP level 6. HP: 33/33 MP: 6/10
  3540 | D:4      | Reached skill level 1 in Fighting
  3660 | D:5      | Entered Level 5 of the Dungeon
  3895 | D:5      | Found a staircase to the Ecumenical Temple.
  3955 | Temple   | Entered the Ecumenical Temple
  4121 | Temple   | Became a worshipper of Warmaster Okawaru
  4209 | D:5      | Reached XP level 7. HP: 11/38 MP: 1/11
  4753 | D:5      | Found a basalt altar of Yredelemnul.
  5085 | D:6      | Slain by an ice beast

Illustrated notes

Levels and vault maps discovered:
D:1:      dpeg_arrival_tiny_b, layout_rooms
D:2:      layout_loops_ring, chequers_ecumenical_altar_island,
          amethyst_killhole, corexii_leaking_fountain
D:3:      layout_basic, glass_columns_a
D:4:      layout_rooms, minmay_stone_trees_medium, serial_bayou_pond_e
D:5:      layout_cave_pods, lemuel_zombie_altar_yredelemnul,
          minmay_temple_entry_waves
D:6:      layout_loops_corners, minitemple
Temple:   compressed_dpeg_circular_temple

Skill      XL: |  1  2  3  4  5  6  7 |
---------------+----------------------+-----
Dodging        | 3 4 |  4.0
Stealth        | 5 6 |  6.8
Short Blades   | 2 3 |  3.7
Ice Magic      | 1 |  1.7
Spellcasting   | 3 |  3.4
Fighting       | 1 |  1.5
Hexes          | 4 |  4.0
Maces & Flails | |  0.4
Armour         | |  0.1

Action                   |  1- 3 |  4- 6 |  7- 9 || total
-------------------------+-------+-------+-------++-------
Melee: Dagger            |    78 |       |       ||    78
       Rapier            |    22 |   128 |    31 ||   181
       Whip              |       |    16 |       ||    16
Throw: Stone             |       |     2 |       ||     2
 Cast: Corona            |     2 |       |       ||     2
       Ensorcelled Hiber |    10 |    46 |     3 ||    59
  Use: Potion            |       |     2 |       ||     2
 Stab: Sleeping          |    16 |    35 |     6 ||    57
Armor: Robe              |    12 |    21 |       ||    33
       Leather armour    |       |       |     6 ||     6
Dodge: Dodged            |    62 |   120 |    13 ||   195

Table legend: (Time is in decaauts)
 A = Elapsed time spent in this place.
 B = Non-inter-level travel time spent in this place.
 C = Inter-level travel time spent in this place.
 D = Time resting spent in this place.
 E = Time spent auto-exploring this place.
 F = Levels seen in this place.
 G = Mean time per level.
                   A        B        C        D        E       F      G
               +--------+--------+--------+--------+--------+-----+--------+
         Total |   5104 |   4975 |    129 |      0 |   3231 |   7 |  729.1 |
       Dungeon |   4905 |   4808 |     97 |      0 |   3201 |   6 |  817.5 |
        Temple |    199 |    167 |     32 |      0 |     30 |   1 |  199.0 |
               +--------+--------+--------+--------+--------+-----+--------+

Top non-repeatable levels by time:
     D:5: 1183 daAuts
     D:2: 1022 daAuts
     D:4: 976 daAuts
     D:1: 951 daAuts
     D:3: 722 daAuts
  Temple: 199 daAuts
     D:6: 49 daAuts
